 Dungeon Crawl Stone Soup version 0.19-b1-1-g9a3527e (webtiles) character file.

771 Djon the Cleaver (level 7, -6/96 HPs)
             Began as a Minotaur Berserker on Oct 27, 2016.
             Was a Priest of Trog.
             Mangled by an orc warrior
             ... wielding a +0 glaive
              (24 damage)
             ... on level 6 of the Dungeon.
             The game lasted 00:04:32 (3522 turns).

Djon the Cleaver (Minotaur Berserker)               Turns: 3522, Time: 00:04:32

Health: -6/96      AC:  8    Str: 26    XL:     7   Next: 53%
Magic:  6/6        EV:  9    Int:  6    God:    Trog [***...]
Gold:   279        SH:  0    Dex: 10    Spells: 0 memorised, 6 levels left

rFire  . . .     SeeInvis .     t - +0 war axe
rCold  + . .     Gourm    .     n - +0 chain mail
rNeg   . . .     Faith    .     (no shield)
rPois  .         Spirit   .     (helmet restricted)
rElec  .         Reflect  .     (no cloak)
rCorr  .         Harm     .     (no gloves)
MR     .....                    (no boots)
Stlth  ..........               (no amulet)
                                (no ring)
                                z - ring of protection from cold

@: berserking (expiring), very quick
A: retaliatory headbutt, horns 2
a: Berserk, Trog's Hand, Burn Spellbooks, Renounce Religion


You were on level 6 of the Dungeon.
You worshipped Trog.
Trog was most pleased with you.
You were very hungry.

You visited 1 branch of the dungeon, and saw 6 of its levels.

You collected 279 gold pieces.

Inventory:

Hand Weapons
 t - a +0 war axe (weapon)
Missiles
 e - a throwing net
 y - 3 steel tomahawks (quivered)
Armour
 n - a +0 chain mail (worn)
Jewellery
 z - a ring of protection from cold (left hand)
Wands
 u - a wand of confusion (24/48)
 B - a wand of enslavement (9/24)
Scrolls
 b - a scroll of remove curse
 f - 2 scrolls of random uselessness {unknown}
 g - 3 scrolls of magic mapping {unknown}
 h - 7 scrolls of identify {unknown}
 i - 2 scrolls of recharging {unknown}
 m - 2 scrolls of enchant weapon {unknown}
 q - a scroll of enchant armour {unknown}
Potions
 a - a potion of cure mutation {unknown}
 k - 3 potions of curing {unknown}
 l - a potion of invisibility {unknown}
 o - a potion of might {unknown}
 p - a potion of lignification {unknown}
 r - a potion of magic {unknown}
 s - 2 potions of haste {unknown}
 v - a potion of berserk rage {unknown}
 w - a potion of flight {unknown}
 x - 2 potions of cancellation {unknown}
 A - a potion of agility {unknown}
 D - a potion of resistance {unknown}
Comestibles
 c - 4 bread rations
 d - 3 beef jerkies
 j - a slice of pizza


   Skills:
 + Level 6.8 Fighting
 * Level 9.1 Axes
 - Level 2.4 Armour
 - Level 2.1 Dodging


You had 6 spell levels left.
You didn't know any spells.

Dungeon Overview and Level Annotations

Branches:
Dungeon (6/15)             Temple (0/1) D:5

Altars:
Gozag
Kikubaaqudgha
Nemelex Xobeh
Qazlal
Sif Muna
Uskayaw


Innate Abilities, Weirdness & Mutations

You reflexively headbutt those who attack you in melee.
You have a pair of horns on your head.


Message History

The orc warrior is lightly wounded.
The orc warrior barely misses you. You furiously retaliate!
You headbutt the orc warrior. You closely miss the orc warrior.
The orc warrior is moderately wounded.
You barely miss the orc warrior. Your headbutt misses the orc warrior.
The orc warrior is moderately wounded.
The orc warrior hits you with a glaive!!
You hit the orc warrior but do no damage.
The orc warrior is moderately wounded.
You closely miss the orc warrior.
The orc warrior is moderately wounded.
The orc warrior hits you with a glaive!
* * * LOW HITPOINT WARNING * * *
You barely miss the orc warrior.
The orc warrior is moderately wounded.
You closely miss the orc warrior. Your headbutt misses the orc warrior.
The orc warrior is moderately wounded.
The orc warrior hits you with a glaive!!
You die...

..# ###..###
#......#
#......#
#......#
#......##
#.o)....##
#@).##...
#).......
###./......
#.....##.##
####.#......#
#...<....###..
#.......##
#.......#
#.........


You could see an orc warrior.

Vanquished Creatures
  An ice beast (D:5)
  A phantom (D:5)
  A scorpion (D:4)
  3 hounds (D:4)
  2 orc priests (D:3)
  An iguana (D:4)
  Natasha (D:3)
  An orc wizard (D:6)
  5 worker ants (D:4)
  7 gnolls
  5 adders
  2 adder skeletons
  A worm (D:2)
  2 dart slugs
  2 leopard geckos
  16 orcs
  2 giant cockroaches (D:3)
  7 goblins
  8 hobgoblins
  6 kobolds
  3 quokkas
  A ball python (D:1)
  3 bats
  5 frilled lizards
  A jackal skeleton (D:4)
  5 rats
92 creatures vanquished.

Notes
Turn   | Place    | Note
-------+----------+-------------------------------------------
     0 | D:1      | Djon the Minotaur Berserker began the quest for the Orb.
     0 | D:1      | Reached XP level 1. HP: 19/19 MP: 0/0
   151 | D:1      | Reached skill level 4 in Axes
   167 | D:1      | Reached XP level 2. HP: 26/27 MP: 1/1
   467 | D:2      | Found a hide-covered altar of Uskayaw.
   470 | D:2      | Found a deep blue altar of Sif Muna.
   471 | D:2      | Found a stormy altar of Qazlal.
   471 | D:2      | Found an opulent altar of Gozag.
   471 | D:2      | Found an ancient bone altar of Kikubaaqudgha.
   471 | D:2      | Found a sparkling altar of Nemelex Xobeh.
   715 | D:2      | Reached XP level 3. HP: 24/33 MP: 2/2
   800 | D:2      | Reached ** piety under Trog
   801 | D:2      | Reached skill level 5 in Axes
  1265 | D:3      | Reached XP level 4. HP: 41/41 MP: 3/3
  1274 | D:3      | Reached skill level 6 in Axes
  1427 | D:3      | Reached XP level 5. HP: 47/47 MP: 4/4
  1490 | D:3      | Reached skill level 5 in Fighting
  1856 | D:3      | Noticed Natasha
  1860 | D:3      | Killed Natasha
  2044 | D:4      | Reached skill level 7 in Axes
  2045 | D:4      | Reached XP level 6. HP: 54/56 MP: 5/5
  2068 | D:4      | Reached *** piety under Trog
  2337 | D:4      | Reached skill level 8 in Axes
  2678 | D:4      | Reached XP level 7. HP: 60/63 MP: 6/6
  2926 | D:5      | Entered Level 5 of the Dungeon
  2972 | D:5      | Reached skill level 9 in Axes
  3056 | D:5      | Found a staircase to the Ecumenical Temple.
  3522 | D:6      | Mangled by an orc warrior

Skill      XL: |  1  2  3  4  5  6  7 |
---------------+----------------------+-----
Axes           | 4 5 6 7 8 9 |  9.1
Fighting       | 4 5 6 |  6.8
Armour         | |  2.4
Dodging        | |  2.1

Action                   |  1- 3 |  4- 6 |  7- 9 || total
-------------------------+-------+-------+-------++-------
Melee: Hand axe          |    69 |    11 |       ||    80
       Headbutt          |     6 |    21 |     4 ||    31
       War axe           |       |    85 |    44 ||   129
Invok: Berserk           |       |     2 |     1 ||     3
  Use: Scroll            |       |       |     1 ||     1
  Eat: Chunk             |     1 |     6 |     3 ||    10
Armor: Animal skin       |     2 |       |       ||     2
       Scale mail        |    10 |       |       ||    10
       Chain mail        |    17 |    40 |    23 ||    80
Dodge: Dodged            |    32 |    46 |    16 ||    94
